 Dungeon Crawl Stone Soup version 0.19-a0-805-g0a78ef0 (webtiles) character file.

128 Stormbringer the Insei (level 4, -7/35 HPs)
             Began as a Mummy Monk on June 27, 2016.
             Mangled by Natasha (10 damage)
             ... on level 2 of the Dungeon.
             The game lasted 00:05:17 (4208 turns).

Stormbringer the Insei (Mummy Monk)                 Turns: 4208, Time: 00:05:18

Health: -7/35      AC:  0    Str: 14    XL:     4   Next: 86%
Magic:  4/4        EV: 13    Int:  9    God:
Gold:   102        SH:  0    Dex: 15    Spells: 0 memorised, 3 levels left

rFire  x . .     SeeInvis .       - Unarmed
rCold  + . .     Gourm    .     (no armour)
rNeg   + + +     Faith    .     (no shield)
rPois  ∞         Spirit   .     (no helmet)
rElec  .         Dismiss  .     (no cloak)
rCorr  .         Reflect  .     (no gloves)
SustAt +         Harm     .     (no boots)
MR     .....                    (no amulet)
Stlth  ++........               (no ring)
                                d - ring of sustain attributes

@: slowed, very slow, not resistant to hostile enchantments, unstealthy
A: no food or potions, fire vulnerability, cold resistance 1, negative energy
resistance 3, torment resistance, unbreathing
a: no special abilities


You were on level 2 of the Dungeon.
You were not hungry.

You visited 1 branch of the dungeon, and saw 2 of its levels.

You collected 102 gold pieces.


Innate Abilities, Weirdness & Mutations

You do not eat or drink.
Your flesh is vulnerable to fire.
You are immune to poison.
Your flesh is cold resistant. (rC+)
You are immune to negative energy. (rN+++)
You are immune to unholy pain and torment.
You can survive without breathing.


   Skills:
 - Level 3.2 Fighting
 - Level 2.7 Dodging
 - Level 2.0 Stealth
 + Level 4.1 Unarmed Combat


You had 3 spell levels left.
You didn't know any spells.

Inventory:

Missiles
 i - 6 poisoned needles (quivered)
 j - 4 large rocks {=f}
Jewellery
 d - a ring of sustain attributes (left hand)
Scrolls
 a - a scroll of enchant weapon {unknown}
 b - a scroll of identify {unknown}
 c - a scroll of blinking {unknown}
 e - a scroll of noise {unknown}
 f - a scroll of magic mapping {unknown}
 g - a scroll of recharging {unknown}
 h - a scroll of remove curse {unknown}

Dungeon Overview and Level Annotations

Branches:
Dungeon (2/15)

Altars:

Annotations:
D:2 Natasha

░,░░,░,░░░░,░ ░...,,.▒▒ ▒...▒
░,░░,░),,,,,░ ▒...,,..▒ ▒...▒
░,,,,░░░░░░░░ ▒.▒.▒▒▒.▒ ▒...▒▒
░░░░,░░░░▒░░░▒▒▒.▒..▒▒.▒ ▒.).†.
,,,,†░░,,..,░░...(..▒▒.▒▒▒▒▒...▒▒
░░░░,░░,,...▒░,▒.▒▒.▒▒...........
░,░░,,,....,▒.................
░░░░,░░,[,,,▒.<▒▒...▒▒...........
,,░░,░░,,,,,▒.5hM...▒▒▒▒▒▒▒▒...▒▒
,,,,,░░░░░░░▒▒.▒▒.▒.▒ ▒.....
,,░░░░ ░░░▒>.....▒ ▒...▒▒
,░░░░░░░ ░,,,..▒.▒▒▒ ▒...▒
,░,,,,,░ ░░,,...▒.▒░░░▒▒▒ ▒.<.▒
,░,░░░,░░░,,,..,...,,,..▒ ▒...▒
,░,░ ░,,,,,,(((,(.▒░░░▒.▒ ▒▒.▒▒
,,,░░░,░░░,...,,..▒▒▒▒▒.▒ ▒▒▒.▒
,,,,,,,░ ░░,,,,,░,░▒....▒▒▒...▒▒▒


You could see Natasha and a crimson imp.


Message History

Found 4 stones!
Found an escape hatch in the ceiling!
Natasha hisses angrily!
You pulverise the kobold but do no damage!
The kobold hits you but does no damage!
You squash the kobold like an ant!
You annihilate the kobold!!!
Natasha mumbles some strange words!
Natasha casts a spell!
The crimson imp hits you!
Things that are here:
a club; a kobold corpse You completely miss Natasha!
Natasha stares at you and mumbles some strange words!
You feel yourself slow down!
You closely miss Natasha!
The crimson imp blinks!!!
Natasha casts a spell at you! The magic dart hits you!!!
Natasha stares at you and mumbles some strange words!
The magic dart hits you!!!
You beat Natasha but do no damage!
Natasha claws you! * * * don't die
* * * You pummel Natasha but do no damage!
Natasha misses you!
You barely miss Natasha!
The crimson imp blinks!!!
Natasha misses you! Natasha claws you! * * * don't die
* * * You barely miss Natasha!
Natasha claws you!!! * * * don't die
* * * You closely miss Natasha!
Natasha claws you!!! rip

Action                   |  1- 3 |  4- 6 || total
-------------------------+-------+-------++-------
Melee: Unarmed           |   211 |    78 ||   289
       Punch             |     5 |     1 ||     6
 Stab: Sleeping          |     5 |     1 ||     6
Armor: Robe              |    28 |       ||    28
Dodge: Dodged            |   170 |    52 ||   222

Vault maps used:
D:1:      wheals_arrival_shading, minmay_fountain_box
D:2:      first_bread, uniq_natasha

Notes
Turn   | Place    | Note
--------------------------------------------------------------
     0 | D:1      | Stormbringer the Mummy Monk began the quest for the Orb.
     0 | D:1      | Reached XP level 1. HP: 18/18 MP: 1/1
   525 | D:1      | Reached XP level 2. HP: 20/24 MP: 2/2
  1004 | D:1      | Reached skill level 2 in Stealth
  1021 | D:1      | jeez
  1094 | D:1      | Reached XP level 3. HP: 29/29 MP: 3/3
  1627 | D:2      | Reached skill level 3 in Unarmed Combat
  2315 | D:2      | Noticed Natasha
  2941 | D:2      | Reached XP level 4. HP: 25/35 MP: 4/4
  3576 | D:2      | Killed Natasha
  3576 | D:2      | Reached skill level 4 in Unarmed Combat
  4196 | D:2      | Noticed Natasha
  4207 | D:2      | HP: 3/35 [Natasha (10)]
  4208 | D:2      | Mangled by Natasha

Vanquished Creatures
  Natasha (D:2)
  3 adders (D:2)
  A worm (D:2)
  3 dart slugs
  3 ball pythons
  10 bats
  3 giant cockroaches
  7 goblins
  4 hobgoblins
  8 jackals
  10 kobolds
  2 quokkas (D:2)
  4 giant newts
  4 rats
63 creatures vanquished.
